 Dungeon Crawl Stone Soup version 0.17-a0-2127-g1cb09f6 (webtiles) character file.

9250 TruthSerum the Fighter (level 11, -8/99 HPs)
             Began as a Minotaur Fighter on Oct 20, 2015.
             Was a High Priest of Okawaru.
             Mangled by MorganLeah's ghost (18 damage)
             ... on level 2 of the Lair of Beasts on Oct 23, 2015.
             The game lasted 00:32:28 (8839 turns).

TruthSerum the Fighter (Minotaur Fighter)           Turns: 8839, Time: 00:32:28

Health: -8/99      AC: 19    Str: 20    XL:     11   Next: 20%
Magic:  10/10      EV:  6    Int:  5    God:    Okawaru [*****.]
Gold:   649        SH:  9    Dex: 20    Spells: 0 memorised, 10 levels left

rFire  . . .     SeeInvis .     y - +4 flail
rCold  . . .     Rnd*Rage +     q - +0 plate armour
rNeg   . . .     SustAt   .     c - +0 shield
rPois  +         Gourm    .     (helmet restricted)
rElec  .         Spirit   .     P - +0 cloak {rPois}
rCorr  .         Warding  .     o - +2 pair of fencer's gloves {LBl+4 SBl+4 EV+3 Dex+6}
rMut   .         Stasis   .     G - +0 pair of boots
MR     .....                    (no amulet)
Stlth  ..........               (no ring)
                                K - +3 ring of protection

@: exhausted, drained, not resistant to hostile enchantments, extremely
unstealthy
A: retaliatory headbutt, hooves 1, horns 2, berserk 1, frail 1
a: Heroism, Finesse, Renounce Religion


You were on level 2 of the Lair of Beasts.
You worshipped Okawaru.
Okawaru was extremely pleased with you.
You were not hungry.

You visited 3 branches of the dungeon, and saw 11 of its levels.

You collected 649 gold pieces.

Inventory:

Hand Weapons
 y - a +4 flail (weapon)
Armour
 c - a +0 shield (worn)
 o - the +2 pair of fencer's gloves (worn) {LBl+4 SBl+4 EV+3 Dex+6}
   (You found it on level 8 of the Dungeon)

   It affects your evasion (+3).
   It affects your dexterity (+6).
 q - a +0 plate armour (worn)
 s - a +2 pair of gloves
 G - a +0 pair of boots (worn)
 P - a +0 cloak of poison resistance (worn)
Jewellery
 K - a +3 ring of protection (left hand)
Wands
 a - a wand of draining (7)
 j - a wand of draining (4)
 l - a wand of hasting (5)
 u - a wand of flame (22)
 D - a wand of flame (24)
 J - a wand of confusion (30)
 N - a wand of lightning (9)
Scrolls
 d - 2 scrolls of blinking {unknown}
 g - 4 scrolls of recharging
 i - 4 scrolls of teleportation
 k - 5 scrolls of fear
 v - a scroll of enchant weapon {unknown}
 w - a scroll of immolation {unknown}
 F - a scroll of torment {unknown}
 H - 2 scrolls of fog {unknown}
 I - 3 scrolls of amnesia {unknown}
 M - a scroll of magic mapping
Potions
 b - 6 potions of curing
 h - a potion of agility
 m - 2 potions of magic
 p - a potion of resistance
 r - 2 potions of flight
 t - 3 potions of haste {unknown}
 x - 3 potions of heal wounds {unknown}
 C - 2 potions of might
 E - a potion of ambrosia {unknown}
 L - a potion of poison {unknown}
 O - 2 potions of lignification {unknown}
Comestibles
 e - 5 bread rations
 f - 18 chunks of flesh
 n - 2 royal jellies
 z - 5 beef jerkies
 A - 8 fruits
 B - 2 meat rations


   Skills:
 + Level 14.5(13.1) Fighting
 + Level 14.3(12.9) Maces & Flails
 - Level 3.6(2.5) Armour
 - Level 3.6(2.5) Shields


You had 10 spell levels left.
You didn't know any spells.

Dungeon Overview and Level Annotations

Branches:
Dungeon (8/15)             Temple (1/1) D:6            Lair (2/8) D:8

Altars:
Ashenzari
Cheibriados
Dithmenos
Elyvilon
Fedhas
Gozag
Kikubaaqudgha
Makhleb
Nemelex Xobeh
Okawaru
Qazlal
Ru
Sif Muna
Trog
Vehumet
Xom
Yredelemnul
Zin
The Shining One

Shops:
D:5 *

Annotations:
Lair:2 MorganLeah's ghost, journeyman OgWn


Innate Abilities, Weirdness & Mutations

You reflexively headbutt those who attack you in melee.
You have a pair of horns on your head.
You have large cloven feet.
You tend to lose your temper in combat.
You are frail (-10% HP).


Message History

You hit MorganLeah's ghost but do no damage.
You headbutt MorganLeah's ghost.
MorganLeah's ghost is lightly damaged.
MorganLeah's ghost says, "Destruction is an occupation beyond life."
MorganLeah's ghost hits you!!
* * * LOW HITPOINT WARNING * * *
You feel drained.
* * * LOW HITPOINT WARNING * * *
You closely miss MorganLeah's ghost. You headbutt MorganLeah's ghost!
MorganLeah's ghost is moderately damaged.
You feel yourself speed up.
MorganLeah's ghost hits you but does no damage.
You feel drained.
You sock MorganLeah's ghost!
MorganLeah's ghost is moderately damaged.
You block MorganLeah's ghost's attack.
You closely miss MorganLeah's ghost.
MorganLeah's ghost is moderately damaged.
MorganLeah's ghost hits you!!
You die...

#.. ##(#รท.#.##
#.....# #P. .=.#
##..##.#..#
##.......... #..#
#.#..#.####
#..######... P..#
#.#...# ##..## ####
P.) #..#.# P..#
#.####..#.# ....
#...##..#.# #..
#.....#.#.###.#
......#..#.##.#.@##
..... #....W#.#.W.#
........#..#..#...#
......}....#..#...#
.......#...#......#
......###..#.......#
# ## $.....
#..##......# #.###.#
...... ..W##.#....#
##..... ......
....###....P#


#..PPPP You could see MorganLeah's ghost.

Vanquished Creatures
  The ghost of Eldritch the Blocker, a journeyman DDFi of Makhleb (Lair:2)
  An oklob plant (Lair:1)
  A black mamba (Lair:1)
  2 spiny frogs (Lair:1)
  2 komodo dragons
  Prince Ribbit (D:5)
  4 blink frogs
  A spriggan (Lair:1)
  4 yaks
  A wyvern (D:8)
  2 hippogriffs
  3 ice beasts
  3 water moccasins
  3 orc warriors (D:7)
  A phantom (D:6)
  3 crocodiles (Lair:1)
  7 porcupines
  5 centaurs
  2 ogres
  A sky beast (D:4)
  6 giant frogs
  3 scorpions
  The ghost of Newgrounder the Shield-Bearer, a weakling MiFi (D:4)
  4 hounds
  4 crimson imps
  2 giant frog zombies
  8 orc priests
  9 orc wizards
  7 iguanas
  8 worker ants
  Terence (D:3)
  A killer bee zombie (D:8)
  A hound zombie (D:6)
  A worker ant zombie (D:8)
  10 adders
  A shadow imp (D:7)
  3 oozes
  An adder skeleton (D:5)
  3 adder zombies
  6 worms
  9 giant geckos
  44 orcs
  A ball python (D:2)
  4 giant cockroaches
  5 hobgoblins
  17 jackals
  2 quokkas
  6 bats
  2 giant gecko skeletons
  6 giant newts
  7 goblins
  A jackal skeleton (D:5)
  7 kobolds
  2 quokka skeletons
  A quokka zombie (D:6)
  8 rats
  A plant (Lair:1)
251 creatures vanquished.

Notes
Turn   | Place    | Note
--------------------------------------------------------------
     0 | D:1      | TruthSerum the Minotaur Fighter began the quest for the Orb.
     0 | D:1      | Reached XP level 1. HP: 19/19 MP: 0/0
   154 | D:1      | Reached skill level 4 in Fighting
   154 | D:1      | Reached XP level 2. HP: 22/27 MP: 1/1
   535 | D:1      | Reached XP level 3. HP: 21/34 MP: 2/2
   889 | D:2      | Found a glowing golden altar of the Shining One.
   891 | D:2      | Found a deep blue altar of Sif Muna.
  1768 | D:3      | Reached XP level 4. HP: 37/41 MP: 3/3
  1804 | D:3      | Reached skill level 5 in Fighting
  1971 | D:3      | Noticed Terence
  1972 | D:3      | Reached XP level 5. HP: 36/48 MP: 4/4
  1983 | D:3      | Killed Terence
  1983 | D:3      | Reached skill level 5 in Maces & Flails
  2179 | D:3      | Reached skill level 6 in Fighting
  2547 | D:4      | Reached XP level 6. HP: 28/57 MP: 5/5
  2903 | D:4      | Noticed Newgrounder's ghost (weakling MiFi)
  2915 | D:4      | Killed Newgrounder's ghost
  2915 | D:4      | Reached skill level 7 in Fighting
  3163 | D:4      | Upgraded the game from 0.17-a0-2109-g117576f to 0.17-a0-2127-g1cb09f6
  3210 | D:4      | Found an iron altar of Okawaru.
  3213 | D:4      | Reached XP level 7. HP: 63/66 MP: 6/6
  3227 | D:4      | Became a worshipper of Warmaster Okawaru
  3394 | D:4      | Noticed an ogre
  3400 | D:4      | Killed an ogre
  3548 | D:4      | Reached skill level 8 in Fighting
  3670 | D:5      | Entered Level 5 of the Dungeon
  3840 | D:5      | Noticed Prince Ribbit
  3851 | D:5      | Killed Prince Ribbit
  3851 | D:5      | Reached XP level 8. HP: 46/75 MP: 7/7
  3959 | D:5      | Reached * piety under Okawaru
  3959 | D:5      | Reached skill level 9 in Fighting
  4105 | D:5      | Found Giobotoc's Assorted Antiques.
  4124 | D:5      | Gained mutation: You tend to lose your temper in combat. [potion of mutation]
  4124 | D:5      | Gained mutation: You are frail (-10% HP). [potion of mutation]
  4124 | D:5      | Gained mutation: You have large cloven feet. [potion of mutation]
  4539 | D:6      | Reached ** piety under Okawaru
  4539 | D:6      | Reached skill level 10 in Fighting
  4743 | D:6      | Found a staircase to the Ecumenical Temple.
  4753 | Temple   | Entered the Ecumenical Temple
  5045 | D:6      | Reached skill level 10 in Maces & Flails
  5565 | D:7      | Reached XP level 9. HP: 71/77 MP: 8/8
  5756 | D:7      | Reached skill level 11 in Fighting
  6231 | D:7      | Reached *** piety under Okawaru
  6577 | D:8      | Found a sacrificial altar of Ru.
  6981 | D:8      | Found a bloodstained altar of Trog.
  7025 | D:8      | Found an ancient bone altar of Kikubaaqudgha.
  7027 | D:8      | Found a stormy altar of Qazlal.
  7030 | D:8      | Found a snail-covered altar of Cheibriados.
  7065 | D:8      | Reached skill level 12 in Fighting
  7102 | D:8      | Found a staircase to the Lair.
  7518 | Lair:1   | Entered Level 1 of the Lair of Beasts
  7518 | Lair:1   | Noticed a spiny frog
  7526 | Lair:1   | Killed a spiny frog
  7526 | Lair:1   | Reached **** piety under Okawaru
  7526 | Lair:1   | Reached XP level 10. HP: 69/89 MP: 9/9
  7608 | Lair:1   | Noticed a spiny frog
  7620 | Lair:1   | Killed a spiny frog
  7832 | Lair:1   | Noticed a black mamba
  7841 | Lair:1   | Killed a black mamba
  8185 | Lair:1   | Reached skill level 13 in Fighting
  8196 | Lair:1   | Noticed a komodo dragon
  8202 | Lair:1   | Killed a komodo dragon
  8202 | Lair:1   | Reached ***** piety under Okawaru
  8250 | Lair:1   | Noticed an oklob plant
  8488 | Lair:1   | Killed an oklob plant
  8599 | Lair:2   | Noticed Eldritch's ghost (journeyman DDFi)
  8616 | Lair:2   | Killed Eldritch's ghost
  8616 | Lair:2   | Reached skill level 14 in Fighting
  8707 | Lair:2   | Reached XP level 11. HP: 91/99 MP: 10/10
  8755 | Lair:2   | Noticed MorganLeah's ghost (journeyman OgWn)
  8775 | Lair:2   | Received a gift from Okawaru
  8839 | Lair:2   | Mangled by MorganLeah's ghost

Vault maps used:
D:1:      mrwooster_arrival_arrow
D:2:      grunt_temple_overflow_open
D:3:      first_bread, uniq_terence
D:4:      okawaru_ov_weapons_minmay
D:5:      serial_shops, kennysheep_little_box, kennysheep_nub,
          uniq_prince_ribbit1
D:6:      minmay_temple_entry_glassed_door
D:7:      minmay_liquid_box
D:8:      minitemple, nicolae_ru_awakened_eye, lair_0_dummy, serial_glass,
          glass_columns_a, glass_columns_b
Temple:   triangle_lava_temple_12
Lair:1:   minmay_lair_oklob_chamber, grunt_forest_large_clearing_hut
Lair:2:   st_stairs_7, beast_lair_carwin_8, infiniplex_staircase_pool,
          lemuel_fruit_tree

Action                   |  1- 3 |  4- 6 |  7- 9 | 10-12 || total
-------------------------+-------+-------+-------+-------++-------
Melee: Flail             |   110 |   186 |   326 |   171 ||   793
Evoke: Wand              |       |       |       |     1 ||     1
  Use: Potion            |       |     1 |     1 |     1 ||     3
       Scroll            |       |       |    12 |     2 ||    14
  Eat: Chunk             |     2 |     1 |    16 |     7 ||    26
       Bread ration      |       |     1 |       |       ||     1
